 Dungeon Crawl Stone Soup version 0.26-a0-64-g059e62fbdb (webtiles) character file.

Game seed: 13840220912217205779

136 MarredHen the Sneak (level 4, -1/23 HPs)
             Began as a Spriggan Assassin on June 9, 2020.
             Was a Follower of Kikubaaqudgha.
             Slain by a kobold (4 damage)
             ... on level 3 of the Dungeon on June 11, 2020.
             The game lasted 00:06:28 (2696 turns).

MarredHen the Sneak (Spriggan Assassin)             Turns: 2696, Time: 00:06:29

Health: -1/23      AC:  4    Str:  7    XL:     4   Next: 98%
Magic:  5/5        EV: 18    Int: 12    God:    Kikubaaqudgha [*.....]
Gold:   103        SH:  0    Dex: 18    Spells: 3/3 levels left

rFire    . . .     SeeInvis +   a - +2 dagger
rCold    + . .     Gourm    .   (shield restricted)
rNeg     . . .     Faith    .   g - +1 robe {rC+}
rPois    .         Spirit   .   (helmet restricted)
rElec    .         Reflect  .   c - +0 cloak
rCorr    .         Harm     .   (gloves unavailable)
MR       .....                  (boots unavailable)
Stlth    ++++......             (no amulet)
HPRegen  0.07/turn              (no ring)
MPRegen  0.09/turn              (no ring)

@: very quick
A: very small, unfitting armour, see invisible, herbivore, speed 3, slow
metabolism 2
a: Receive Corpses, Renounce Religion


You were on level 3 of the Dungeon.
You worshipped Kikubaaqudgha.
Kikubaaqudgha was aware of your devotion.
You were not hungry.

You visited 1 branch of the dungeon, and saw 3 of its levels.

You collected 103 gold pieces.

Inventory:

Hand Weapons
 a - a +2 dagger (weapon)
 q - a +0 club
Missiles
 d - 7 poisoned darts (quivered)
 e - 2 curare-tipped darts
Armour
 b - a +0 robe
 c - a +0 cloak (worn)
 g - a +1 robe of cold resistance (worn)
Jewellery
 n - an uncursed ring of flight
Scrolls
 i - 2 scrolls of identify
 p - a scroll of fear {unknown}
 r - a scroll of teleportation {unknown}
Potions
 h - a potion of invisibility {unknown}
 j - a potion of berserk rage {unknown}
 k - 3 potions of haste {unknown}
 l - 2 potions of flight {unknown}
 m - a potion of resistance {unknown}
 o - 3 potions of curing {unknown}
Comestibles
 f - 4 rations


   Skills:
 + Level 2.3 Fighting
 + Level 3.1 Short Blades
 - Level 2.6 Throwing
 + Level 3.1 Dodging
 + Level 7.3 Stealth


You had 3 spell levels left.
You didn't know any spells.
Your spell library contained the following spells:

 Spells                   Type           Power        Failure   Level  Hunger
 Animate Skeleton         Necr           N/A          32%         1    ##.....
 Pain                     Necr           #...         32%         1    ##.....
 Sublimation of Blood     Necr           #.........   45%         2    ###....
 Vampiric Draining        Necr           #.........   69%         3    ####...


Dungeon Overview and Level Annotations

Branches:
Dungeon (3/15)

Altars:
Kikubaaqudgha
Nemelex Xobeh
Ru


Innate Abilities, Weirdness & Mutations

You are very small and have problems with some larger weapons.
You are too small for most types of armour.
You have supernaturally acute eyesight. (SInv)
You are a herbivore.
You cover ground extremely quickly.
You need to consume almost no food.


Message History

The kobold misses you. The kobold hits you but does no damage.
The kobold barely misses you. The kobold misses you. The kobold misses you.
The kobold closely misses you. The kobold misses you.
The kobold hits you but does no damage. The kobold misses you.
The kobold closely misses you. The kobold misses you.
The kobold barely misses you. The kobold hits you but does no damage.
The kobold closely misses you. The kobold completely misses you.
The kobold completely misses you. The kobold closely misses you.
The kobold hits you.
You die...
Kikubaaqudgha rasps: "You have failed me!
Welcome... death!"

...
#.#
#.#
#.#
#.#
#.#
#K####
#@.<.#
####.#
.# .#
.# ..
.# .#


You could see a kobold.

Vanquished Creatures
  An orc priest (D:2)
  5 adders (D:2)
  An ooze (D:2)
  2 dart slugs (D:1)
  2 leopard geckos
  2 orcs (D:2)
  2 giant cockroaches (D:1)
  8 goblins
  5 hobgoblins
  2 kobolds (D:1)
  2 quokkas (D:2)
  12 bats
  A frilled lizard (D:2)
  3 rats
48 creatures vanquished.

Notes
Turn   | Place    | Note
-------+----------+-------------------------------------------
     0 | D:1      | MarredHen the Spriggan Assassin began the quest for the
                  | Orb.
     0 | D:1      | Reached XP level 1. HP: 10/10 MP: 2/2
   127 | D:1      | Reached skill level 6 in Stealth
   269 | D:1      | Reached XP level 2. HP: 15/15 MP: 3/3
   701 | D:1      | Found a sparkling altar of Nemelex Xobeh.
  1027 | D:2      | Reached XP level 3. HP: 17/18 MP: 4/4
  1367 | D:2      | Reached skill level 7 in Stealth
  1380 | D:2      | Reached XP level 4. HP: 21/23 MP: 5/5
  1632 | D:2      | Found a sacrificial altar of Ru.
  1675 | D:2      | Found a faded altar of an unknown god.
  2465 | D:2      | Became a worshipper of Kikubaaqudgha
  2465 | D:2      | Reached * piety under Kikubaaqudgha
  2465 | D:2      | Identified Kikubaaqudgha's Grimoire of Evil Rites
                  | (Kikubaaqudgha gifted it to you on level 2 of the Dungeon)
  2465 | D:2      | Received a gift from Kikubaaqudgha
  2481 | D:2      | Upgraded the game from 0.26-a0-61-g6c07f0ee8d to
                  | 0.26-a0-64-g059e62fbdb
  2696 | D:3      | Slain by a kobold

Illustrated notes

Levels and vault maps discovered:
D:1:      dpeg_arrival_three_smaller_balls, layout_loops_ring,
          nemelex_diamond_rough_becter
D:2:      layout_loops_ring, lemuel_coloured_pillars_altar,
          chequers_ecumenical_altar_twisty
D:3:      layout_loops_ring, lemuel_round_altar, gammafunk_ghost_icy,
          first_ration, minmay_misc_feat_plants, st_stairs_5,
          kennysheep_generic_room_15, uniq_sigmund

Skill      XL: |  1  2  3  4 |
---------------+-------------+-----
Stealth        | 6 7 |  7.3
Dodging        | 2 3 |  3.1
Fighting       | 2 |  2.3
Short Blades   | 3 |  3.1
Throwing       | |  2.6

Action                   |  1- 3 |  4- 6 || total
-------------------------+-------+-------++-------
Melee: Dagger            |   123 |    62 ||   185
Throw: Dart              |     7 |     3 ||    10
  Use: Scroll            |     1 |       ||     1
 Stab: Sleeping          |    12 |     3 ||    15
Armor: Robe              |    16 |    30 ||    46
Dodge: Dodged            |    98 |   160 ||   258

Table legend:
 A = Non-vault XP
 B = Vault XP
 C = Vault XP percentage of total XP
 D = Non-vault monster count
 E = Vault monster count
 F = Vault count percentage of total count
                 A         B        C        D         E       F
            +---------+---------+-------+---------+---------+-------
      Total |     195 |       0 |   0.0 |      48 |       0 |   0.0
            +---------+---------+-------+---------+---------+-------
        D:1 |      35 |       0 |   0.0 |      19 |       0 |   0.0
        D:2 |     160 |       0 |   0.0 |      29 |       0 |   0.0
            +---------+---------+-------+---------+---------+-------
